 Dungeon Crawl Stone Soup version 0.23-a0-171-g5ae17c6 (webtiles) character file.

186 Ijustatesigmund the Sneak (level 5, -2/37 HPs)
             Began as an Octopode Assassin on Sept 13, 2018.
             Slain by a worm (6 damage)
             ... on level 3 of the Dungeon.
             The game lasted 00:08:00 (2570 turns).

Ijustatesigmund the Sneak (Octopode Assassin)       Turns: 2570, Time: 00:08:00

Health: -2/37      AC:  1    Str: 10    XL:     5   Next: 65%
Magic:  0/5        EV: 10    Int: 14    God:
Gold:   171        SH:  0    Dex: 11    Spells: 4/4 levels left

rFire    . . .     SeeInvis .   n - +2 short sword (speed)
rCold    . . .     Gourm    .   (no shield)
rNeg     . . .     Faith    .   (helmet restricted)
rPois    .         Spirit   +   i - amulet of guardian spirit
rElec    .         Reflect  .   h - -3 ring of evasion
rCorr    .         Harm     .   k - -3 ring of dexterity
MR       .....                  (no ring)
Stlth    ++++......             (no ring)
HPRegen  0.12/turn              (no ring)
MPRegen  0.09/turn              (no ring)
                                (no ring)
                                (no ring)

@: no status effects
A: almost no armour, stealthy swim, amphibious, 8 rings, constrict 8, camouflage
1, gelatinous body 1
a: no special abilities


You were on level 3 of the Dungeon.
You were hungry.

You visited 1 branch of the dungeon, and saw 3 of its levels.

You collected 171 gold pieces.

Inventory:

Hand Weapons
 a - a +2 dagger
 b - a +0 blowgun
 m - a +0 dagger of electrocution
 n - a +2 short sword of speed (weapon)
Missiles
 c - 26 poisoned needles
 d - 2 curare-tipped needles
Jewellery
 g - an uncursed ring of fire
 h - a -3 ring of evasion (left tentacle)
 i - an amulet of guardian spirit (around mantle)
 k - a -3 ring of dexterity (right tentacle)
Scrolls
 j - a scroll of magic mapping
 p - a scroll of identify
Potions
 e - a potion of magic
 l - a potion of curing
Comestibles
 f - 4 rations


   Skills:
 + Level 4.1 Fighting
 - Level 2.0 Short Blades
 - Level 2.0 Throwing
 + Level 1.7 Dodging
 + Level 7.4 Stealth


You had 4 spell levels left.
You didn't know any spells.
Your spell library contained the following spells:

 Spells                   Type           Power        Failure   Level  Hunger
 Corona                   Hex            #......      28%         1    ##.....
 Ensorcelled Hibernation  Hex/Ice        #.....       41%         2    ###....
 Confuse                  Hex            #.......     65%         3    ####...
 Dazzling Spray           Conj/Hex       #.....       65%         3    ####...
 Tukima's Dance           Hex            #.......     65%         3    ####...


Dungeon Overview and Level Annotations

Branches:
Dungeon (3/15)

Altars:
Cheibriados


Innate Abilities, Weirdness & Mutations

You cannot wear most types of armour.
You are very stealthy in the water. (Stealth+)
You are amphibious.
You can wear up to eight rings at the same time.
You can use your tentacles to constrict eight enemies at once.
Your skin changes colour to match your surroundings (Stealth+).
Your rubbery body absorbs attacks. (AC +1, EV +1)


Message History

You feel as if something is helping you.
It was a scroll of remove curse.
You constrict the orc priest.
You kill the orc priest!
Your Fighting skill increases to level 4!
The orc closely misses you. The worm misses you.
The orc hits you with a dagger.
* * * LOW HITPOINT WARNING * * *
You puncture the orc!
You kill the orc!
The orc barely misses you.
You hit the worm. Your grab misses the worm.
The worm is moderately wounded.
The worm misses you.
You closely miss the orc. Your grab misses the orc. The orc closely misses you.
You hit the orc. You grab the orc.
The orc is moderately wounded.
You constrict the orc. The orc hits you with a dagger.
* * * LOW HITPOINT WARNING * * *
The worm bites you!
You die...

# #..#.### #.###... #.
#...... .. #.##
.###.###.....####. #.
..(.............. #.##
..............<# #...
.........$...# ##.
.............# ##..
......o..#...# #...
......w@##...# #...
......))##...########.##
........#..........#....
........#..........'....
........#..........#....
........#............)..
######+###..............
#.............#
#.........#####


You could see a worm and an orc.

Vanquished Creatures
  2 orc priests (D:3)
  3 gnolls (D:3)
  4 adders
  A dart slug (D:3)
  A leopard gecko (D:3)
  6 orcs (D:3)
  9 goblins
  8 hobgoblins
  3 jackals (D:3)
  4 kobolds
  A ball python (D:1)
  7 bats
  A frilled lizard (D:3)
  2 rats
52 creatures vanquished.

Notes
Turn   | Place    | Note
-------+----------+-------------------------------------------
     0 | D:1      | Ijustatesigmund the Octopode Assassin began the quest for
                  | the Orb.
     0 | D:1      | Reached XP level 1. HP: 14/14 MP: 1/1
   190 | D:1      | You fall through a shaft!
   576 | D:2      | Reached XP level 2. HP: 17/20 MP: 2/2
   610 | D:2      | Found a snail-covered altar of Cheibriados.
   710 | D:2      | Reached skill level 6 in Stealth
   710 | D:2      | Reached XP level 3. HP: 17/25 MP: 1/3
  1613 | D:3      | Reached XP level 4. HP: 31/31 MP: 4/4
  2037 | D:3      | Reached skill level 7 in Stealth
  2037 | D:3      | Reached XP level 5. HP: 28/37 MP: 3/5
  2570 | D:3      | Slain by a worm

Vault maps used:
D:1:      minmay_arrival_three_doors
D:2:      cheibrodos_greedy_goblins, nicolae_overflow_crystal_walls,
          minmay_fountain_box
D:3:      lemuel_doored_altar, okawaru_altar_gauntlet_db

Skill      XL: |  1  2  3  4  5 |
---------------+----------------+-----
Stealth        | 6 7 |  7.4
Fighting       | 3 4 |  4.1
Short Blades   | |  2.0
Throwing       | |  2.0
Dodging        | |  1.7

Action                   |  1- 3 |  4- 6 || total
-------------------------+-------+-------++-------
Melee: Dagger            |    50 |    46 ||    96
       Constrict         |    12 |    15 ||    27
       Tentacles         |     4 |    11 ||    15
       Short sword       |       |    16 ||    16
 Fire: Blowgun           |       |    13 ||    13
  Use: Scroll            |     8 |     1 ||     9
       Potion            |     2 |     1 ||     3
 Stab: Sleeping          |    11 |     4 ||    15
  Eat: Chunk             |     1 |       ||     1
       Ration            |       |     1 ||     1
Armor: Skin              |     7 |     4 ||    11
Dodge: Dodged            |    30 |    27 ||    57

Table legend:
 A = Non-vault XP
 B = Vault XP
 C = Vault XP percentage of total XP
 D = Non-vault monster count
 E = Vault monster count
 F = Vault count percentage of total count
                 A         B        C        D         E       F
            +---------+---------+-------+---------+---------+-------
      Total |     246 |      20 |   7.5 |      42 |      10 |  19.2
            +---------+---------+-------+---------+---------+-------
        D:1 |       5 |       0 |   0.0 |       4 |       0 |   0.0
        D:2 |      54 |      20 |  27.0 |      12 |      10 |  45.5
        D:3 |     187 |       0 |   0.0 |      26 |       0 |   0.0
            +---------+---------+-------+---------+---------+-------
